 Dungeon Crawl Stone Soup version 0.21.1-1-g345015f (webtiles) character file.

12893 Kagorn the Fighter (level 12, -16/113 HPs)
             Began as a Hill Orc Fighter on July 1, 2018.
             Was an Elder of Beogh.
             Demolished by a skeletal warrior
             ... wielding a +0 war axe
             ... led by a skeletal warrior
              (20 damage)
             ... on level 12 of the Dungeon.
             The game lasted 01:53:23 (11424 turns).

Kagorn the Fighter (Hill Orc Fighter)              Turns: 11424, Time: 01:53:25

Health: -16/113    AC: 12    Str: 22    XL:     12   Next: 0%
Magic:  0/12       EV: 16    Int:  8    God:    Beogh [****..]
Gold:   971        SH:  0    Dex: 12    Spells: 11/11 levels left

rFire    . . .     SeeInvis .   H - +3 halberd (vamp)
rCold    . . .     Gourm    .   (shield currently unavailable)
rNeg     + . .     Faith    .   v - +0 troll leather armour
rPois    .         Spirit   +   B - +0 helmet
rElec    .         Reflect  .   q - +2 cloak {+Inv}
rCorr    +         Harm     .   r - +1 pair of gloves
MR       .....     Rnd*Rage +   (no boots)
Stlth    +.........             u - amulet of guardian spirit
HPRegen  0.68/turn              k - ring of resist corrosion
MPRegen  0.13/turn              V - ring of positive energy

@: heavily drained
A: hooves 1, repulsion field 1, berserk 1
a: Smiting, Recall Orcish Followers, Renounce Religion, Evoke Invisibility


You were on level 12 of the Dungeon.
You worshipped Beogh.
Beogh was greatly pleased with you.
You were not hungry.

You visited 2 branches of the dungeon, and saw 14 of its levels.
You also visited: Ossuary.

You collected 971 gold pieces.

Inventory:

Hand Weapons
 a - a +1 war axe
 b - the +2 spear "Demonslayer" {elec, *Drain +Fly rN+ Stlth+}
   (You found it on level 6 of the Dungeon)

   Occasionally, upon striking a foe, it will discharge some electrical energy
   and cause terrible harm.
   It protects you from negative energy.
   It lets you fly.
   It causes draining when unequipped.
   It makes you more stealthy.
 t - a +1 dire flail of protection
 y - a +1 flail of protection
 E - a +1 trident of protection
 H - a +3 vampiric halberd (weapon)
 P - a +3 rapier of freezing
 Q - a +4 hunting sling of flaming
Missiles
 x - 5 tomahawks (quivered)
 R - 31 sling bullets
Armour
 c - a +1 shield
 q - a +2 cloak of invisibility (worn)
 r - a +1 pair of gloves (worn)
 v - a +0 troll leather armour (worn)
 B - a +0 helmet (worn)
 D - +0 steam dragon scales
 J - a +0 plate armour
Jewellery
 g - an uncursed ring of protection from cold
 i - an uncursed ring of magical power
 k - a ring of resist corrosion (left hand)
 l - an uncursed ring of wizardry
 u - an amulet of guardian spirit (around neck)
 I - an uncursed ring of fire {unknown}
 V - a ring of positive energy (right hand)
 Z - an uncursed ring of ice
Wands
 j - a wand of disintegration (14)
 o - a wand of iceblast (20)
 w - a wand of acid (8)
 C - a wand of flame (29)
 K - a wand of paralysis (20)
 U - a wand of clouds (5)
Scrolls
 e - 5 scrolls of teleportation
 n - 2 scrolls of identify
 p - a scroll of acquirement
 A - 4 scrolls of immolation
 G - a scroll of blinking
 O - a scroll of amnesia
 S - a scroll of enchant armour
 T - a scroll of fear
 Y - a scroll of remove curse
Potions
 d - 3 potions of might
 h - 3 potions of brilliance
 m - a potion of lignification
 s - a potion of haste
 F - a potion of berserk rage
 L - a potion of mutation
 N - 2 potions of resistance
 X - a potion of ambrosia
Books
 W - a book of Power

   Spells                             Type                      Level
   a - Iskenderun's Battlesphere      Conjuration/Charms           5
   b - Venom Bolt                     Conjuration/Poison           5
   c - Bolt of Magma                  Conjuration/Fire/Earth       5
   d - Iron Shot                      Conjuration/Earth            6
   e - Orb of Destruction             Conjuration                  7
   f - Spellforged Servitor           Conjuration/Summoning        7
Comestibles
 f - 9 rations


   Skills:
 * Level 12.6(10.4) Fighting
 - Level 5.1(7.6) Axes
 * Level 10.7(8.9) Polearms
 + Level 8.8(6.8) Armour
 * Level 6.5(4.6) Dodging
 - Level 6.2(4.3) Shields


You had 11 spell levels left.
You didn't know any spells.

Dungeon Overview and Level Annotations

Branches:
Dungeon (13/15)            Temple (1/1) D:7            Lair (0/6) D:10
    Orc (0/2) D:10
 Vaults: D:13-14

Altars:
Ashenzari
Cheibriados
Dithmenos
Elyvilon
Fedhas
Gozag
Hepliaklqana
Kikubaaqudgha
Makhleb
Nemelex Xobeh
Okawaru
Qazlal
Ru
Sif Muna
Trog
Uskayaw
Vehumet
Wu Jian
Xom
Yredelemnul
Zin
The Shining One

Shops:
D:6 }

Portals:
Trove: D:10 (give horn of Geryon)


Innate Abilities, Weirdness & Mutations

You have large cloven feet.
You are surrounded by a mild repulsion field. (EV +2)
You tend to lose your temper in combat.


Message History

The skeletal warrior hits you from afar with a trident!!
* * * LOW HITPOINT WARNING * * *
The skeletal warrior hits your orc with a short sword of draining.
The skeletal warrior drains your orc!
Your orc dies!
You hear a distant blaring wail to the northeast.
There is an open door here.
There is an open door here.
There is a stone staircase leading up here.
The skeletal warrior completely misses you.
You climb upwards.
There is a stone staircase leading down here.
You feel better.
The skeletal warrior hits you with a war axe.
* * * LOW HITPOINT WARNING * * *
The skeletal warrior hits you with a war axe!
* * * LOW HITPOINT WARNING * * *
You barely miss the skeletal warrior. Your kick misses the skeletal warrior.
The skeletal warrior hits you with a war axe!!
You die...

# ##.................## ##....#
####..................## ##..#..#
.......................###..###.#
##.......###........##...#.## #..
####.....####.....#####....## #..
# ##.....###....## ##.....###.. #
#............## ##....#.....# #
#........#...z###.....###..## ##
##..####..###@>#....#..# #..##
.###..## #..# ##....###.## ##...
.##..## ##.# ##...# #.# ##.##
.#..## #.# ##.####.####.## ...##
##.### #..##..##...## ...#
###....####..##.....#..## (.###
###oo.##...###..#....###..#
....###.o.#####..................
..(.()..o## ##...........####...


You could see a skeletal warrior.

Vanquished Creatures
  3 two-headed ogres
  An unseen horror (D:12)
  The ghost of sking99 the Grappler, a novice TrMo (D:7)
  An ugly thing (D:12)
  A manticore (D:12)
  Joseph (D:9)
  A centaur skeleton (D:10)
  A queen bee (D:12)
  A troll (D:10)
  2 hippogriffs (D:9)
  Prince Ribbit (D:9)
  Sigmund (D:3)
  2 yaks
  Grum (D:9)
  A hungry ghost (D:9)
  A steam dragon (D:11)
  A warg (D:10)
  Duvessa (D:7)
  The ghost of lotte the Magician, an amateur DEWz of Vehumet (D:4)
  4 orc warriors
  2 phantoms
  2 black bears
  4 wolves (D:9)
  6 centaurs
  4 ogres
  A crocodile (D:7)
  2 big kobolds
  5 bullfrogs
  Dowan (D:7)
  10 killer bees
  6 scorpions
  5 wights (D:6)
  A vampire bat (D:3)
  3 howler monkeys
  A crimson imp (D:7)
  3 jellies
  5 hounds
  Crazy Yiuf (D:6)
  A gnoll shaman (D:6)
  9 orc priests
  Jessica (D:3)
  3 iguanas
  Ijyb (D:3)
  Natasha (thrice) (D:3)
  10 orc wizards
  5 worker ants
  A big kobold zombie (Ossuary)
  A hound skeleton (D:8)
  8 mummies (Ossuary)
  A howler monkey zombie (D:8)
  7 gnolls
  12 adders
  2 shadow imps
  An ooze (D:1)
  An adder zombie (D:8)
  An adder skeleton (D:8)
  3 worms
  3 dart slugs
  3 fire bats (D:3)
  6 leopard geckos
  19 orcs
  2 spectral bats (D:3)
  16 bats
  3 bat skeletons (D:3)
  A bat zombie (D:3)
  4 giant cockroaches
  2 gnoll zombies (Ossuary)
  8 goblins
  6 hobgoblins
  8 jackals
  5 quokkas
  2 ball pythons
  A bat simulacrum (D:3)
  10 frilled lizards
  13 kobolds
  A kobold zombie (Ossuary)
  4 orc zombies (Ossuary)
  A quokka skeleton (D:6)
  10 rats
288 creatures vanquished.

Vanquished Creatures (collateral kills)
  A two-headed ogre (D:10)
  4 yaks
  An acid dragon (D:11)
  A warg (D:10)
  An orc warrior (D:10)
  A sky beast (D:10)
  A phantom (D:11)
  A centaur (D:12)
  An ogre (D:10)
  A crocodile (D:11)
  A bullfrog (D:12)
  A wyvern zombie (D:10)
  9 killer bees (D:12)
  2 worker ants
  An adder (D:12)
  An orc (D:10)
  3 kobolds
31 creatures vanquished.

Vanquished Creatures (others)
  2 orc warriors (D:12)
  4 orc wizards
  A howler monkey (D:4)
  5 orc priests
  11 orcs
  A leopard gecko skeleton (D:4)
24 creatures vanquished.

Grand Total: 343 creatures vanquished

Notes
Turn   | Place    | Note
-------+----------+-------------------------------------------
     0 | D:1      | Kagorn the Hill Orc Fighter began the quest for the Orb.
     0 | D:1      | Reached XP level 1. HP: 19/19 MP: 1/1
    30 | D:1      | Reached XP level 2. HP: 16/27 MP: 2/2
    80 | D:1      | Reached skill level 4 in Fighting
   139 | D:1      | Reached XP level 3. HP: 27/33 MP: 3/3
   549 | D:2      | Reached XP level 4. HP: 26/41 MP: 4/4
  1042 | D:2      | Reached XP level 5. HP: 41/47 MP: 5/5
  1199 | D:2      | Gained mutation: You have large cloven feet. [potion of mutation]
  1199 | D:2      | Gained mutation: You tend to lose your temper in combat. [potion of mutation]
  1199 | D:2      | Gained mutation: You are surrounded by a mild repulsion field. (EV +2) [potion of mutation]
  1321 | D:3      | Noticed Natasha
  1334 | D:3      | Reached skill level 5 in Fighting
  1337 | D:3      | Killed Natasha
  1378 | D:3      | Noticed Ijyb
  1397 | D:3      | Killed Ijyb
  1518 | D:3      | Noticed Natasha
  1523 | D:3      | Killed Natasha
  1561 | D:3      | Noticed Jessica
  1564 | D:3      | Killed Jessica
  1564 | D:3      | Reached skill level 5 in Axes
  1564 | D:3      | Reached XP level 6. HP: 56/56 MP: 6/6
  1668 | D:3      | Noticed Natasha
  1677 | D:3      | Killed Natasha
  1802 | D:3      | Reached skill level 1 in Polearms
  2048 | D:3      | Noticed Sigmund
  2273 | D:4      | Reached skill level 6 in Fighting
  2344 | D:4      | Reached XP level 7. HP: 63/63 MP: 7/7
  2350 | D:4      | Noticed lotte's ghost (amateur DEWz)
  2354 | D:4      | Became a worshipper of Beogh the Brigand
  2447 | D:3      | Killed Sigmund
  2668 | D:4      | Reached skill level 5 in Armour
  2696 | D:4      | Reached skill level 7 in Fighting
  2696 | D:4      | Reached skill level 5 in Shields
  2723 | D:4      | Reached XP level 8. HP: 29/73 MP: 8/8
  2910 | D:4      | Killed lotte's ghost
  3171 | D:5      | Entered Level 5 of the Dungeon
  3470 | D:5      | Reached * piety under Beogh
  3470 | D:5      | Reached skill level 5 in Polearms
  3515 | D:5      | Reached skill level 8 in Fighting
  4053 | D:6      | Found a runed door.
  4057 | D:6      | Noticed Crazy Yiuf
  4061 | D:6      | Killed Crazy Yiuf
  4140 | D:6      | Found Ipnoneiph's Gadget Boutique.
  4208 | D:6      | Reached XP level 9. HP: 68/82 MP: 9/9
  4463 | D:6      | Reached skill level 9 in Fighting
  4534 | D:6      | Found an ornate altar of the Wu Jian Council.
  4544 | D:6      | Found a deep blue altar of Sif Muna.
  4671 | D:6      | Reached skill level 1 in Dodging
  4961 | D:6      | Got a fine spear
  5049 | D:7      | Noticed Duvessa
  5050 | D:7      | Noticed Dowan
  5064 | D:7      | Killed Duvessa
  5080 | D:7      | Killed Dowan
  5080 | D:7      | Reached ** piety under Beogh
  5087 | D:7      | Found a sand-covered staircase.
  5092 | Ossuary  | Entered an ossuary
  5656 | D:7      | Found a staircase to the Ecumenical Temple.
  5663 | Temple   | Entered the Ecumenical Temple
  5832 | D:7      | Noticed a two-headed ogre
  5835 | D:7      | Noticed sking99's ghost (novice TrMo)
  5841 | D:7      | Killed a two-headed ogre
  5841 | D:7      | Reached skill level 10 in Fighting
  5841 | D:7      | Reached XP level 10. HP: 74/93 MP: 8/10
  5852 | D:7      | Killed sking99's ghost
  6058 | D:8      | Noticed a two-headed ogre
  6074 | D:8      | Killed a two-headed ogre
  6230 | D:8      | Reached *** piety under Beogh
  6585 | D:8      | Reached skill level 11 in Fighting
  6713 | D:9      | Noticed Joseph
  6728 | D:9      | Killed Joseph
  6965 | D:9      | Noticed Prince Ribbit
  6988 | D:9      | Killed Prince Ribbit
  7219 | D:9      | Reached XP level 11. HP: 97/102 MP: 9/11
  7389 | D:9      | Reached skill level 5 in Dodging
  7438 | D:9      | Noticed Grum
  7455 | D:9      | Killed Grum
  7557 | D:9      | Found a bloodstained altar of Trog.
  7596 | D:10     | Entered Level 10 of the Dungeon
  7660 | D:10     | Found a staircase to the Lair.
  7695 | D:10     | Reached **** piety under Beogh
  8348 | D:10     | Noticed a two-headed ogre
  8355 | D:10     | Killed a two-headed ogre
  8389 | D:10     | Noticed a two-headed ogre
  8394 | D:10     | Reached skill level 12 in Fighting
  8394 | D:10     | Reached skill level 10 in Polearms
  8398 | D:10     | Killed a two-headed ogre
  8578 | D:10     | Found a portal to a secret trove of treasure.
  8979 | D:10     | Found a staircase to the Orcish Mines.
  9406 | D:11     | Found a sparkling altar of Nemelex Xobeh.
  9463 | D:11     | Found a sparkling altar of Nemelex Xobeh.
  9522 | D:11     | Gained Wardok as an ally
  9697 | D:12     | Gained Boruk as an ally
  9721 | D:12     | Killed an unseen horror
 10204 | D:12     | Noticed a red ugly thing
 10214 | D:12     | Killed a red ugly thing
 10238 | D:12     | Identified the +2 spear "Demonslayer" {elec, *Drain +Fly rN+ Stlth+} (You found it on level 6 of the Dungeon)
 10269 | D:12     | Identified 2 scrolls of acquirement
 10339 | D:12     | Your ally Boruk died
 10361 | D:12     | Your ally Wardok died
 10362 | D:12     | Gained Olfik as an ally
 10397 | D:12     | Your ally Olfik died
 10656 | D:12     | Noticed a manticore
 10667 | D:12     | Killed a manticore
 10855 | D:12     | Reached XP level 12. HP: 113/113 MP: 10/12
 11410 | D:13     | HP: 3/113 [skeletal warrior/trident[a skeletal warrior] (20)]
 11423 | D:12     | HP: 4/113 [skeletal warrior/war axe[a skeletal warrior] (14)]
 11424 | D:12     | Demolished by a skeletal warrior

Skill      XL: |  1  2  3  4  5  6  7  8  9 10 11 |
---------------+----------------------------------+-----
Axes           | 3 4 5 |  5.1
Fighting       | 4 5 6 7 8 10 11 12 | 12.6
Shields        | 4 5 6 |  6.2
Armour         | 4 5 6 7 8 |  8.8
Polearms       | 2 3 5 7 9 10 | 10.7
Dodging        | 3 4 6 |  6.5

Action                   |  1- 3 |  4- 6 |  7- 9 | 10-12 || total
-------------------------+-------+-------+-------+-------++-------
Melee: War axe           |    97 |    88 |    49 |       ||   234
       Spear             |       |   165 |   110 |       ||   275
       Kick              |       |    32 |   105 |   111 ||   248
       Trident           |       |       |    75 |       ||    75
       Halberd           |       |       |   167 |   388 ||   555
Invok: Convert to Beogh  |       |       |     1 |       ||     1
  Use: Scroll            |       |     5 |    10 |    11 ||    26
       Potion            |       |     4 |     1 |    12 ||    17
  Eat: Ration            |       |     2 |     5 |     8 ||    15
Armor: Scale mail        |    55 |   152 |   106 |       ||   313
       Plate armour      |       |       |    57 |   173 ||   230
       Troll leather arm |       |       |       |    47 ||    47
Dodge: Dodged            |    43 |   113 |   160 |   227 ||   543
Block: Shield            |    68 |   149 |   114 |       ||   331
